 Dungeon Crawl Stone Soup version 0.26-a0-1038-gfb849e850a (webtiles) character file.

Game seed: 15219311101422746111

99 Kraken2834 the Stinger (level 4, -3/33 HPs)
             Began as a Merfolk Venom Mage on Dec 11, 2020.
             Slain by ANON1729's ghost (8 damage)
             ... on level 3 of the Dungeon.
             The game lasted 00:07:26 (1451 turns).

Kraken2834 the Stinger (Merfolk Venom Mage)         Turns: 1451, Time: 00:07:26

Health: -3/33      AC:  3    Str:  8    XL:     4   Next: 72%
Magic:  3/7        EV: 17    Int: 15    God:
Gold:   42         SH:  0    Dex: 14    Spells: 7/8 levels left

rFire    + + .     SeeInvis .   l - +0 trident
rCold    + . .     Faith    .   (no shield)
rNeg     . . .     Spirit   .   h - +1 robe {rF+}
rPois    +         Reflect  .   (no helmet)
rElec    +         Harm     .   (no cloak)
rCorr    +         Rampage  .   (no gloves)
Will     .....                  (no boots)
Stlth    ++........             (no amulet)
HPRegen  0.11/turn              g - +4 ring of evasion
MPRegen  0.10/turn              (no ring)

@: mighty, resistant
A: change form in water, swift swim, stealthy swim
a: no special abilities


You were on level 3 of the Dungeon.
You visited 1 branch of the dungeon, and saw 3 of its levels.

You collected 42 gold pieces.

Inventory:

Hand Weapons
 j - a +1 dagger of venom
 l - a +0 trident (weapon)
Armour
 h - a +1 robe of fire resistance (worn)
Jewellery
 g - a +4 ring of evasion (left hand)
Scrolls
 a - a scroll of amnesia {unknown}
 c - 2 scrolls of identify {unknown}
 d - a scroll of blinking {unknown}
 e - a scroll of teleportation {unknown}
 i - a scroll of remove curse {unknown}
 m - a scroll of enchant weapon {unknown}
Potions
 b - a potion of resistance
 k - a potion of haste {unknown}


   Skills:
 * Level 1.8 Fighting
 * Level 0.1 Polearms
 + Level 3.1 Dodging
 - Level 2.1 Stealth
 + Level 2.6 Spellcasting
 + Level 2.6 Transmutations
 + Level 4.3 Poison Magic


You had 7 spell levels left.
You knew the following spells:

 Your Spells              Type           Power        Failure   Level
a - Sting                 Tmut/Pois      ##..         4%          1

Your spell library contained the following spells:

 Spells                   Type           Power        Failure   Level
 Poisonous Vapours        Pois/Air       #.....       13%         2
 Ignite Poison            Fire/Tmut/Pois #.......     24%         3
 Mephitic Cloud           Conj/Pois/Air  #.......     34%         3
 Olgreb's Toxic Radiance  Pois           ##......     34%         4


Dungeon Overview and Level Annotations

Branches:
Dungeon (2/15)

Altars:

Annotations:
D:3 ANON1729's ghost, amateur MfTm


Message History

ANON1729's ghost is lightly damaged.
ANON1729's ghost completely misses you.
You closely miss ANON1729's ghost.
ANON1729's ghost is lightly damaged.
ANON1729's ghost closely misses you. ANON1729's ghost hits you!
Your magical contamination has completely faded away.
You are too injured to fight recklessly!
You are too injured to fight recklessly!
You barely miss ANON1729's ghost.
ANON1729's ghost is lightly damaged.
ANON1729's ghost hits you!
* * * LOW HITPOINT WARNING * * *
It was a potion of resistance.
You feel protected. ANON1729's ghost hits you.
* * * LOW HITPOINT WARNING * * *
It was a potion of might.
You feel very mighty all of a sudden. ANON1729's ghost hits you!
You die...

#...#.....#
#...####..#
#...####.(#
#.........##
#........†#
#.........#
##########.........#
≈≈≈≈≈≈#.............#
≈)≈≈≈≈W@.#.†........#
≈≈≈≈≈≈#.##########.>..
######### #####


You could see ANON1729's ghost.

Vanquished Creatures
  An orc wizard (D:3)
  An adder (D:2)
  A worm (D:3)
  3 dart slugs
  2 leopard geckos
  3 orcs (D:3)
  3 bats (D:1)
  2 giant cockroaches (D:1)
  3 goblins (D:1)
  4 hobgoblins (D:1)
  7 jackals
  2 ball pythons
  2 frilled lizards (D:1)
  7 kobolds
  8 rats
49 creatures vanquished.

Notes
Turn   | Place    | Note
-------+----------+-------------------------------------------
     0 | D:1      | Kraken2834 the Merfolk Venom Mage began the quest for the
                  | Orb.
     0 | D:1      | Reached XP level 1. HP: 13/13 MP: 3/3
   140 | D:1      | Reached XP level 2. HP: 20/20 MP: 3/5
   497 | D:1      | Reached skill level 1 in Fighting
   528 | D:1      | Reached XP level 3. HP: 26/26 MP: 4/6
   960 | D:2      | Reached skill level 4 in Poison Magic
  1152 | D:2      | You fall into a shaft and drop 1 floor!
  1161 | D:3      | Reached XP level 4. HP: 23/32 MP: 2/7
  1399 | D:3      | Found a runed translucent door.
  1419 | D:3      | Noticed ANON1729's ghost (amateur MfTm)
  1451 | D:3      | Slain by ANON1729's ghost

Illustrated notes

Levels and vault maps discovered:
D:1:      minmay_arrival_cross, layout_basic
D:2:      layout_basic, overflow_temple_1_default, minmay_misc_feat_ornament
D:3:      layout_basic, lemuel_crystal_altar,
          gammafunk_temple_overflow_forgotten, ebering_ghost_sewer_f

Skill      XL: |  1  2  3 |
---------------+----------+-----
Fighting       | 1 |  1.8
Dodging        | 3 |  3.1
Poison Magic   | 4 |  4.3
Transmutations | 2 |  2.6
Polearms       | |  0.1
Stealth        | |  2.1
Spellcasting   | |  2.6

Action                   |  1- 3 |  4- 6 || total
-------------------------+-------+-------++-------
Melee: Dagger            |    72 |    16 ||    88
       Trident           |       |    21 ||    21
 Cast: Sting             |    53 |    11 ||    64
  Use: Potion            |       |     2 ||     2
Armor: Robe              |    16 |     4 ||    20
Dodge: Dodged            |    85 |    47 ||   132

Table legend: (Time is in decaauts)
 A = Elapsed time spent in this place.
 B = Non-inter-level travel time spent in this place.
 C = Inter-level travel time spent in this place.
 D = Time resting spent in this place.
 E = Time spent auto-exploring this place.
 F = Levels seen in this place.
 G = Mean time per level.
                   A        B        C        D        E       F      G
               +--------+--------+--------+--------+--------+-----+--------+
         Total |   1454 |   1445 |      9 |    202 |    874 |   3 |  484.7 |
       Dungeon |   1454 |   1445 |      9 |    202 |    874 |   3 |  484.7 |
               +--------+--------+--------+--------+--------+-----+--------+

Top non-repeatable levels by time:
     D:1: 932 daAuts
     D:3: 304 daAuts
     D:2: 217 daAuts
